Map: 2000 Atmospheres LE

Players

DarkJungle

  • Race: Zerg Zerg
  • League: Bronze

VOD

Have the link to the VOD?

Description

Time

  • Played on: Sept. 16, 2021, 10:20 p.m.
  • Length: 21:56
Show
View Real Time Build Order
Export as new Build Order

DarkJungle Zerg 

Build Orders: Hatch First 

Get SALT Encoding   

  12  0:01  Drone  
  13  0:13  Overlord  
  13  0:17  Drone  
  14  0:32  Drone x2  
  16  0:51  Hatchery  
  16  0:54  Drone  
  16  0:59  Drone  
  16  1:02  Drone  
  18  1:15  Extractor  
  18  1:18  Spawning Pool  
  16  1:20  Drone  
  16  1:23  Drone  
  18  1:29  Drone  
  19  1:39  Drone  
  20  1:51  Overlord  
  20  2:06  Zergling x4  
  20  2:07  Queen x2  
  26  2:17  Metabolic Boost  
  26  2:24  Drone x3  
  26  2:25  Drone  
  30  2:37  Metabolic Boost  
  30  2:42  Drone  
  30  2:43  Drone  
  32  2:46  Queen  
  32  2:47  Overlord  
  34  3:00  Hatchery  
  34  3:03  Drone x2  
  35  3:07  Drone x2  
  35  3:10  Drone  
  38  3:27  Drone x3  
  41  3:36  Roach Warren  
  41  3:37  Drone  
  41  3:38  Overlord, Evolution Chamber, Drone  
  41  3:44  Drone x12  
  41  3:56  Unknown x3  
  41  3:58  Drone  
  13  4:09  Overlord  
  13  4:15  Drone  
  14  4:28  Drone x2  
  16  4:48  Hatchery  
  16  4:50  Drone  
  16  4:53  Drone  
  16  4:56  Drone  
  18  5:08  Extractor  
  18  5:13  Spawning Pool  
  16  5:16  Drone  
  16  5:20  Drone  
  18  5:25  Drone  
  19  5:35  Drone  
  20  5:47  Overlord  
  20  6:00  Queen x2  
  20  6:02  Zergling x4  
  26  6:07  Drone  
  26  6:11  Drone  
  28  6:14  Metabolic Boost  
  28  6:23  Drone x2  
  30  6:36  Drone  
  31  6:40  Overlord  
  31  6:41  Hatchery  
  30  6:48  Queen  
  30  6:52  Metabolic Boost  
  30  6:53  Drone x2  
  34  7:04  Drone  
  34  7:05  Drone x2  
  37  7:14  Drone  
  38  7:16  Drone x3  
  38  7:17  Overlord  
  41  7:28  Queen  
  43  7:35  Drone  
  43  7:36  Drone  
  45  7:53  Overlord  
  45  7:57  Extractor  
  44  7:59  Drone x12  
  44  8:11  Unknown x3  
  12  8:13  Drone  
  13  8:24  Overlord  
  13  8:35  Drone  
  14  8:44  Drone x2  
  16  9:04  Drone  
  16  9:06  Hatchery  
  16  9:08  Drone  
  17  9:11  Drone  
  18  9:20  Drone  
  19  9:28  Overlord  
  19  9:29  Spawning Pool  
  18  9:34  Extractor, Drone x12  
  19  9:46  Unknown  
  19  9:48  Drone  
  13  9:59  Overlord  
  13  10:03  Drone  
  14  10:18  Drone x2  
  16  10:39  Hatchery, Drone  
  16  10:43  Drone  
  16  10:46  Overlord  
  16  10:47  Drone  
  18  10:52  Drone x12  
  19  10:58  Extractor  
  18  11:04  Unknown  
  18  11:06  Drone  
  13  11:17  Overlord  
  13  11:22  Drone  
  14  11:35  Drone x2  
  16  11:55  Hatchery  
  16  11:56  Drone  
  16  11:59  Drone  
  17  12:03  Drone  
  18  12:14  Extractor  
  17  12:19  Spawning Pool  
  17  12:21  Drone  
  17  12:25  Drone  
  18  12:32  Drone  
  19  12:43  Drone  
  20  12:55  Drone  
  21  13:05  Overlord  
  21  13:09  Queen x2  
  21  13:11  Zergling x2  
  26  13:16  Zergling x2  
  26  13:19  Metabolic Boost  
  27  13:29  Drone x3  
  30  13:44  Drone x2  
  30  13:45  Hatchery  
  31  13:53  Queen  
  33  13:57  Overlord  
  33  13:59  Drone  
  33  14:01  Metabolic Boost, Drone  
  35  14:04  Drone  
  36  14:15  Drone x2  
  38  14:19  Drone x3  
  41  14:25  Overlord  
  41  14:35  Queen  
  43  14:42  Drone  
  44  14:46  Drone  
  44  14:48  Lair  
  45  14:54  Drone x3  
  45  14:55  Overlord, Drone x2  
  50  15:00  Roach Warren  
  50  15:02  Overlord, Evolution Chamber  
  48  15:08  Drone x12  
  54  15:20  Unknown x3  
  12  15:23  Drone  
  12  15:27  Overlord  
  13  15:33  Drone x12  
  13  15:47  Drone  
  13  15:58  Overlord  
  13  16:04  Drone  
  14  16:17  Drone x2  
  16  16:37  Hatchery  
  16  16:39  Drone  
  16  16:43  Drone  
  16  16:46  Drone  
  18  16:59  Extractor  
  17  17:02  Spawning Pool  
  17  17:04  Drone  
  17  17:07  Drone  
  18  17:14  Drone  
  19  17:25  Drone  
  20  17:36  Overlord  
  20  17:49  Queen x2  
  20  17:50  Zergling x4  
  26  17:57  Drone  
  27  18:01  Drone  
  27  18:02  Metabolic Boost  
  28  18:10  Drone  
  28  18:12  Drone  
  30  18:25  Hatchery  
  29  18:30  Queen  
  31  18:34  Overlord  
  31  18:41  Drone x2  
  33  18:42  Drone  
  33  18:45  Drone  
  35  18:52  Drone  
  36  19:07  Drone x3  
  39  19:10  Overlord  
  39  19:13  Queen  
  41  19:20  Drone x2  
  43  19:25  Roach Warren  
  43  19:26  Evolution Chamber  
  41  19:33  Drone  
  41  19:34  Drone  
  41  19:36  Drone  
  41  19:37  Extractor, Drone  
  44  19:49  Drone x2  
  46  19:54  Extractor  
  45  20:07  Queen  
  45  20:08  Overlord  
  45  20:09  Queen  
  49  20:15  Drone x3  
  49  20:19  Drone x2  
  49  20:20  Drone  
  55  20:26  Lair  
  55  20:47  Overlord x2  
  55  20:49  Drone x2  
  57  20:55  Drone x6  
  63  21:02  Drone  
  63  21:03  Drone x2  
Tags
 
Add a new tag
Caveats
  • Supply blocks, unpowered buildings, or Contaminate may cause inaccurate times.
  • Supply counts are checked every 10 seconds.